 Dungeon Crawl Stone Soup version 0.29-a0-322-g68df515428 (webtiles) character file.

Game seed: 16199072347922897086

7 GigaChad the Sneak (level 1, -1/16 HPs)
             Began as a Vampire Brigand on Apr 5, 2022.
             Slain by a kobold
             ... wielding a +0 whip
              (3 damage)
             ... on level 1 of the Dungeon.
             The game lasted 00:00:44 (236 turns).

GigaChad the Sneak (Vampire Brigand)                 Turns: 236, Time: 00:00:45

Health: -1/16      AC:  3    Str: 10    XL:     1   Next: 83%
Magic:  1/1        EV: 12    Int: 13    God:
Gold:   18         SH:  0    Dex: 15    Spells: 0/0 levels left

rFire   . . .      SeeInvis +   a - +2 dagger
rCold   . . .      Faith    .   (no shield)
rNeg    . . .      Spirit   .   b - +0 robe
rPois   .          Reflect  .   (no helmet)
rElec   .          Harm     .   c - +0 cloak
rCorr   .          Rampage  .   (no gloves)
Will    .....                   (no boots)
Stlth   +++.......              (no amulet)
HPRegen 0.25/turn               (no ring)
MPRegen 0.07/turn               (no ring)

@: healing quickly
A: alive, fangs 3, see invisible, vampiric 1
a: Exsanguinate


You were on level 1 of the Dungeon.
You visited 1 branch of the dungeon, and saw 1 of its levels.

You collected 18 gold pieces.

Inventory:

Hand Weapons
 a - a +2 dagger (weapon)
Missiles
 d - 9 poisoned darts (quivered)
 e - 3 curare-tipped darts
Armour
 b - a +0 robe (worn)
 c - a +0 cloak (worn)
Scrolls
 f - a scroll of acquirement {unknown}
 g - a scroll of enchant weapon {unknown}
 h - a scroll of identify {unknown}


   Skills:
 + Level 1.9 Fighting
 + Level 2.2 Short Blades
 + Level 1.5 Throwing
 + Level 1.1 Dodging
 + Level 6.3 Stealth


You couldn't memorise any spells.
You didn't know any spells.
Your spell library was empty.

Dungeon Overview and Level Annotations

Branches:
Dungeon (1/15)

Altars:


Innate Abilities, Weirdness & Mutations

Your natural rate of healing is accelerated.
You have razor-sharp teeth.
You have supernaturally acute eyesight. (SInv)
You are afflicted with vampirism.


Message History

The bat is heavily wounded.
The bat closely misses you.
You hit the bat.
You kill the bat!
A rat comes into view.
Found a robe.
Found 15 gold pieces.
The helpless rat fails to defend itself.
You impale the rat!!
You kill the rat!
A hobgoblin comes into view.
A kobold comes into view. It is wielding a +0 whip.
A bat comes into view.
Found 11 gold pieces.
The hobgoblin shouts!
The bat barely misses you. The hobgoblin barely misses you.
The bat barely misses you. The kobold barely misses you.
The hobgoblin attacks as you move away! The hobgoblin hits you.
The bat hits you but does no damage. x2
A gnoll comes into view. It is wielding a +0 club.
You hit the hobgoblin but do no damage. The bat misses you.
You barely miss the hobgoblin. You bite the hobgoblin.
The hobgoblin is moderately wounded.
The bat hits you but does no damage. The hobgoblin hits you.
You hit the hobgoblin.
You kill the hobgoblin!
The bat barely misses you. The kobold hits you with a +0 whip.
The bat hits you but does no damage. The kobold hits you but does no damage.
The bat barely misses you.
You see here a hobgoblin corpse.
You hit the gnoll.
The gnoll is moderately wounded.
The bat hits you. The kobold barely misses you.
The gnoll completely misses you.
You barely miss the gnoll.
The gnoll is moderately wounded.
The gnoll hits you with a +0 club!
* * * LOW HITPOINT WARNING * * *
The kobold hits you with a +0 whip.
You die...

.... .. ..# ... #.# #.#
... .. #.# $.# #..#.#
#.# #..#.# ##.######
....[# #.......# #
##.##.# #..####
##.##.##.######K@b..#.##
................g.......
##.##.##.######.....#.##
##.......# #..#### #
...##.#### ..... ...##.#
#.##### ##.##.# ..
......# #.. .#.#### #..


You could see a gnoll, a bat and a kobold.

Vanquished Creatures
  2 hobgoblins (D:1)
  3 bats (D:1)
  2 rats (D:1)
7 creatures vanquished.

Notes
Turn   | Place    | Note
-------+----------+-------------------------------------------
     0 | D:1      | GigaChad the Vampire Brigand began the quest for the Orb.
     0 | D:1      | Reached XP level 1. HP: 16/16 MP: 1/1
    79 | D:1      | Reached skill level 6 in Stealth
   236 | D:1      | Slain by a kobold

Illustrated notes

Levels and vault maps discovered:
D:1:      dpeg_arrival_radiant, layout_loops_cross

Skill      XL: |  1 |
---------------+----+-----
Stealth        | 6 |  6.3
Fighting       | |  1.9
Short Blades   | |  2.2
Throwing       | |  1.5
Dodging        | |  1.1

Action                   || total
-------------------------++-------
Melee: Dagger            ||    22
       Bite              ||     2
 Stab: Sleeping          ||     2
Armor: Robe              ||    14
Dodge: Dodged            ||    35

Table legend: (Time is in decaauts)
 A = Elapsed time spent in this place.
 B = Non-inter-level travel time spent in this place.
 C = Inter-level travel time spent in this place.
 D = Time resting spent in this place.
 E = Time spent auto-exploring this place.
 F = Levels seen in this place.
 G = Mean time per level.
                   A        B        C        D        E       F      G
               +--------+--------+--------+--------+--------+-----+--------+
         Total |    233 |    233 |      0 |      0 |    105 |   1 |  233.0 |
       Dungeon |    233 |    233 |      0 |      0 |    105 |   1 |  233.0 |
               +--------+--------+--------+--------+--------+-----+--------+

Top non-repeatable levels by time:
     D:1: 233 daAuts
